 Dungeon Crawl Stone Soup version 0.19.3-4-gbf9329e (webtiles) character file.

65 Alarkh the Chopper (level 3, -3/29 HPs)
             Began as a Demonspawn Monk on Jan 28, 2017.
             Slain by a gnoll
             ... wielding a +0 whip
              (4 damage)
             ... on level 4 of the Dungeon.
             The game lasted 00:02:19 (1682 turns).

Alarkh the Chopper (Demonspawn Monk)                Turns: 1682, Time: 00:02:20

Health: -3/29      AC:  2    Str: 11    XL:     3   Next: 92%
Magic:  3/3        EV: 13    Int: 12    God:
Gold:   9          SH:  0    Dex: 15    Spells: 1 memorised, 0 levels left

rFire  . . .     SeeInvis .     a - +0 hand axe
rCold  . . .     Gourm    .     b - +0 robe
rNeg   . . .     Faith    .     (no shield)
rPois  .         Spirit   .     (no helmet)
rElec  .         Reflect  .     (no cloak)
rCorr  .         Harm     .     (no gloves)
MR     .....     Rnd*Tele +     (no boots)
Stlth  ++++......               (no amulet)
                                n - ring of teleportation (curse)
                                j - ring of stealth

@: no status effects
A: nightstalker 1
a: no special abilities


You were on level 4 of the Dungeon.
You were hungry.

You visited 1 branch of the dungeon, and saw 4 of its levels.

You collected 9 gold pieces.

Inventory:

Hand Weapons
 a - a +0 hand axe (weapon)
Armour
 b - a +0 robe (worn)
Jewellery
 j - a ring of stealth (left hand)
 n - a cursed ring of teleportation (right hand)
Scrolls
 e - a scroll of identify
Potions
 g - a potion of curing
Books
 i - a book of Minor Magic

   Spells                             Type                      Level
   a - Magic Dart                     Conjuration                  1
   b - Blink                          Translocation                2
   c - Call Imp                       Summoning                    2
   d - Repel Missiles                 Charms/Air                   2
   e - Slow                           Hexes                        2
   f - Conjure Flame                  Conjuration/Fire             3
   g - Mephitic Cloud                 Conjuration/Poison/Air       3
Comestibles
 c - 6 bread rations
 f - 2 meat rations
 l - a slice of pizza
 m - a beef jerky


   Skills:
 - Level 3.0 Fighting
 + Level 4.4 Axes
 - Level 2.6 Dodging
 - Level 1.7 Stealth


You couldn't memorise any spells.
You knew the following spells:

 Your Spells              Type           Power        Failure   Level  Hunger
d - Repel Missiles        Chrm/Air       #.....       52%         2    ###....


Dungeon Overview and Level Annotations

Branches:
Dungeon (4/15)
 Temple: D:4-7

Altars:
Trog

Annotations:
D:2 Robin
D:4 Edmund


Innate Abilities, Weirdness & Mutations

You are slightly more attuned to the shadows.


Message History

You are feeling hungry.
You start resting.
You are suddenly yanked towards a nearby monster!
Your surroundings suddenly seem different.
A gnoll comes into view. It is wielding a spear.
A gnoll comes into view. It is wielding a club.
The gnoll shouts!
A gnoll comes into view. It is wielding a spear.
You barely miss the gnoll. The gnoll completely misses you.
A gnoll comes into view. It is wielding a whip.
The gnoll shouts! x2
You hit the gnoll but do no damage. The gnoll misses you.
You hit the gnoll.
The gnoll is moderately wounded.
The gnoll closely misses you. The gnoll barely misses you.
Okay, then.
The gnoll hits you with a spear. The gnoll hits you with a club!
* * * LOW HITPOINT WARNING * * *
The gnoll hits you with a whip.
You die...

#.....
#..........#
#..........#
#..........#
##.........#
#...g.....#
#....g....#
##..g.@..#
#..g...##
#......#
###...##
#####


You could see 4 gnolls.

Vanquished Creatures
  An adder (D:2)
  An ooze (D:2)
  2 dart slugs (D:1)
  A leopard gecko (D:2)
  14 goblins
  7 hobgoblins
  5 kobolds
  2 bats
  3 frilled lizards
  9 rats
45 creatures vanquished.

Notes
Turn   | Place    | Note
-------+----------+-------------------------------------------
     0 | D:1      | Alarkh the Demonspawn Monk began the quest for the Orb.
     0 | D:1      | Reached XP level 1. HP: 18/18 MP: 1/1
    65 | D:1      | Reached skill level 3 in Axes
   139 | D:1      | Gained mutation: You are slightly more attuned to the shadows. [demonic ancestry]
   139 | D:1      | Reached XP level 2. HP: 11/24 MP: 2/2
   761 | D:2      | Noticed Robin
   787 | D:2      | Reached XP level 3. HP: 29/29 MP: 3/3
   803 | D:2      | Reached skill level 4 in Axes
   969 | D:2      | Learned a level 2 spell: Repel Missiles
  1216 | D:2      | Found a bloodstained altar of Trog.
  1523 | D:3      | HP: 1/29 [orc priest/divine providence (13)]
  1580 | D:4      | Noticed Edmund
  1681 | D:4      | HP: 1/29 [gnoll/club (10)]
  1682 | D:4      | Slain by a gnoll

Skill      XL: |  1  2  3 |
---------------+----------+-----
Axes           | 3 4 |  4.4
Fighting       | |  3.0
Dodging        | |  2.6
Stealth        | |  1.7

Action                   || total
-------------------------++-------
Melee: Hand axe          ||   124
 Cast: Repel Missiles    ||     1
  Use: Scroll            ||     4
 Stab: Sleeping          ||     8
  Eat: Chunk             ||     2
Armor: Robe              ||    15
Dodge: Dodged            ||    81
       Deflected         ||     4
